[Event "53rd Indian Junior Open-ch 2024"]
[Site "Karnal"]
[Date "2024.09.18"]
[Round "3.1"]
[White "Chaudhari, Ashish"]
[Black "Rohit S"]
[Result "0-1"]
[ECO "D36"]
[WhiteElo "1943"]
[BlackElo "2309"]
[Annotator "TA"]
[PlyCount "86"]
[EventDate "2024.09.16"]
[EventType "swiss"]
[EventCountry "IND"]
[SourceTitle "playchess.com"]
[Source "ChessBase"]
[SourceQuality "1"]
[TimeControl "5400+30"]

1. d4 Nf6 2. c4 e6 3. Nf3 d5 4. cxd5 exd5 5. Nc3 c6 6. Bg5 Be7 7. Qc2 O-O 8. e3 Ne4 9. Bxe7 Qxe7 10. Bd3 Bf5 11. O-O Nd7 12. a3 a5 13. b3 Rfe8 14. Rfe1 {[%emt 0:11:18] The position is equal.} h5 15. Na4 Qf6 16. Nc5 Ndxc5 17. dxc5 h4 18. Nd4 $1 {[%emt 0:02:15] [#] Threatens to win with Nxf5.} Bd7 19. f3 Ng5 20. Qf2 h3 21. g3 g6 22. Rac1 Re7 23. f4 Ne4 24. Qf3 Rae8 {[%emt 0:01:05][%cal Oe4c5] aiming for ...Nxc5! Black is more active.} 25. b4 Qg7 26. Re2 Nf6 (26... axb4 $17 27. axb4 Ra8) 27. f5 $1 $15 g5 (27... axb4 $15 28. axb4 Ne4) 28. g4 $2 ({Better is} 28. bxa5 $11 Re5 29. Kh1) 28... Qh6 (28... Rxe3 $17 29. Rxe3 Rxe3 30. Qxe3 Nxg4) 29. Kh1 $1 axb4 30. axb4 Kg7 31. Rce1 Ra8 $36 {[%emt 0:00:53][%mdl 2048] White is under pressure.} 32. Kg1 $2 {[%emt 0:00:39][%mdl 8192] White does not recover from this.} (32. Bc2 $11 {and White has nothing to worry.}) 32... Ra3 $19 ({Much less strong is} 32... Qh4 33. Bc2) 33. Rd1 Qh4 34. Nc2 Rc3 (34... Qxg4+ $2 {perishes.} 35. Qxg4 Nxg4 36. Nxa3 $18) 35. Kh1 (35. Nd4 $142) 35... Nxg4 {[%emt 0:01:14] ...Ne5 is the strong threat.} 36. f6+ Nxf6 {[%emt 0:00:01] White must now prevent ...Bg4.} 37. Rf1 g4 38. Qf4 Rxd3 39. Nd4 Re4 40. Qd6 Rdxd4 41. Ref2 {[%emt 0:00:16] [#]} Qxf2 $3 {[%emt 0:00:15] Black mates.} 42. Rxf2 (42. Qxf6+ Qxf6) 42... Rd1+ 43. Rf1 Rxf1# {[%emt 0:11:48] Weighted Error Value: White=0.89/Black=0.13 (very precise) .  Loses game:     	White=1     	---        Mistake:       	White=2     	Black=3      Inaccurate:     	White=3     	Black=1      OK:         	White=2     	Black=13     Best:        	White=1     	Black=2      Strong:       	White=3     	---} 0-1

[Event "53rd Indian Junior Open-ch 2024"]
[Site "Karnal"]
[Date "2024.09.18"]
[Round "3.2"]
[White "Sourath Biswas"]
[Black "Agnivo Chakraborty"]
[Result "1/2-1/2"]
[ECO "D00"]
[WhiteElo "2305"]
[BlackElo "1943"]
[Annotator "TA"]
[PlyCount "95"]
[EventDate "2024.09.16"]
[EventType "swiss"]
[EventCountry "IND"]
[SourceTitle "playchess.com"]
[Source "ChessBase"]
[SourceQuality "1"]
[TimeControl "5400+30"]

1. d4 d5 2. Bf4 Nc6 3. e3 f6 4. Bd3 g6 5. Nf3 e6 (5... Bg4 $14) 6. e4 (6. c4 $16) 6... Nb4 7. e5 (7. Nc3 $16) 7... Nxd3+ 8. Qxd3 {[%emt 0:00:19] White is slightly better.} g5 9. Be3 g4 10. Nfd2 fxe5 11. dxe5 c5 {[%emt 0:12:55] [#]} (11... Nh6 $14) 12. Bxc5 $1 {[%emt 0:03:44] White is more active.} Bxc5 13. Qb5+ Bd7 14. Qxc5 Ne7 15. Nc3 Qb6 (15... b6 $14 16. Qb4 Rg8) 16. Qxb6 $16 axb6 {[%emt 0:00:06] [#]} 17. h3 $1 g3 18. Nf3 (18. fxg3 $142 b5 19. Nf3) 18... Rc8 ({Black should play} 18... gxf2+ 19. Kxf2 Rf8) 19. fxg3 Nf5 20. O-O-O {[%emt 0:00:11][%cal Ba1d1,Bd1d4,Bd4b4][%mdl 32] Threatens to win with g4.} Nxg3 21. Rhe1 O-O (21... Rg8 $16 {was called for.} 22. Nd4 Ke7) 22. Rd4 {[%emt 0:00:10] Strongly threatening Rg4+.} Nh5 (22... Rc4 $16 23. Rxc4 dxc4) 23. Rb4 b5 24. Ne2 Rc4 25. a3 Be8 26. Nfd4 Ng7 27. b3 (27. Nxb5 Rxb4 28. axb4 Bxb5 $19) 27... Rc5 28. Ng3 Rf2 29. Re2 Rf4 {[%emt 0:00:17] [#]} 30. Ndf5 $2 Rxf5 $17 (30... Nxf5 $2 {loses.} 31. Rxf4 Nxg3 32. Rg4+ Bg6 33. Rxg3 $18) 31. Nxf5 Nxf5 32. Kb2 Bg6 33. a4 ({White should try} 33. g4 Ng3 34. Rh2) 33... Ng3 34. Rf2 Ne4 35. Rf4 bxa4 36. Rxa4 Nc3 37. Ra8+ Kg7 38. Rb8 Rc7 39. g4 h6 $2 (39... Ne2 $19 40. Rf3 Rxc2+ (40... Bxc2 41. Re3 $17) 41. Ka3 Rc7) 40. Rff8 $1 $11 d4 41. Rg8+ Kh7 42. Rgc8 Rxc8 43. Rxc8 Nd5 44. Rb8 b6 45. Rb7+ Kg8 46. Kc1 Be4 47. Ra7 b5 48. Ra8+ {[%emt 0:01:18] What a bad dream for Black.   Weighted Error Value: White=0.31/Black=0.23 (precise) .  Missed win:     	White=1     	Black=1      Mistake:       	White=3     	Black=5      Inaccurate:     	White=2     	Black=3      OK:         	White=16    	Black=12     Best:        	White=1     	Black=3      Strong:       	White=2     	---} 1/2-1/2

[Event "53rd Indian Junior Open-ch 2024"]
[Site "Karnal"]
[Date "2024.09.18"]
[Round "3.3"]
[White "Jaiveer Mahendru"]
[Black "Bivor Adak"]
[Result "0-1"]
[ECO "C58"]
[WhiteElo "2246"]
[BlackElo "1918"]
[Annotator "RC"]
[PlyCount "122"]
[EventDate "2024.09.16"]
[EventType "swiss"]
[EventCountry "IND"]
[SourceTitle "playchess.com"]
[Source "ChessBase"]
[SourceQuality "1"]
[TimeControl "5400+30"]

1. e4 e5 2. Nf3 Nc6 3. Bc4 Nf6 4. Ng5 d5 5. exd5 Na5 6. Bb5+ c6 7. dxc6 bxc6 8. Bd3 Nd5 9. h4 h6 10. Qh5 Qf6 11. Nh7 Rxh7 12. Bxh7 g6 13. Qe2 Nf4 14. Qf3 Bb7 15. Nc3 c5 16. Ne4 Qg7 17. d3 f5 18. Bxf4 exf4 19. O-O-O fxe4 20. dxe4 Qxh7 21. Qxf4 Qf7 22. Qe5+ Qe7 23. Qg3 Kf7 24. e5 Nc6 25. e6+ Qxe6 26. Rhe1 Qxa2 27. Qc7+ Kg8 28. Qxb7 Qa1+ 29. Kd2 Rd8+ 30. Ke2 Rxd1 31. Rxd1 Nd4+ 32. Kd2 Qa4 33. Qd5+ Kh7 34. Qe4 Qb4+ 35. Ke3 Qxb2 36. h5 Qxc2 37. hxg6+ Kg7 38. Qxc2 Nxc2+ 39. Kd3 Na3 40. Kc3 c4 41. Rd8 a5 42. Rb8 Bd6 43. Rb7+ Kxg6 44. Kb2 Bb4 45. Kc1 c3 46. Rd7 Bc5 47. Rd3 c2 48. Rc3 Be7 49. Rg3+ Kf7 50. Rf3+ Ke6 51. Re3+ Kd7 52. Rd3+ Kc6 53. f4 h5 54. g3 a4 55. Kb2 Kb5 56. Kc1 Kc4 57. Rf3 Kd4 58. Kb2 Ke4 59. Rf1 Nc4+ 60. Kc3 Ne3 61. Re1 Ba3 0-1

[Event "53rd Indian Junior Open-ch 2024"]
[Site "Karnal"]
[Date "2024.09.18"]
[Round "3.4"]
[White "Sharnarthi Viresh"]
[Black "Lakshmi Charan Naidu G"]
[Result "0-1"]
[ECO "A05"]
[WhiteElo "2147"]
[BlackElo "1912"]
[Annotator "TA"]
[PlyCount "108"]
[EventDate "2024.09.16"]
[EventType "swiss"]
[EventCountry "IND"]
[SourceTitle "playchess.com"]
[Source "ChessBase"]
[SourceQuality "1"]
[TimeControl "5400+30"]

1. Nf3 c5 2. b3 Nf6 3. Bb2 e6 4. e3 Be7 5. d4 O-O 6. c4 cxd4 7. exd4 d5 8. c5 ({White should play} 8. Bd3 $11) 8... Nc6 (8... b6 $15 9. b4 Ne4) 9. a3 a5 10. Bb5 Bd7 11. O-O b6 12. Bxc6 Bxc6 13. b4 Nd7 14. Nc3 {[%emt 0:01:50] b5 would now be deadly.} bxc5 15. dxc5 Rb8 16. Nd4 Ba8 17. Ncb5 e5 (17... Ne5 $1 $15 18. Qe2 Nc4) 18. c6 $1 $11 Rxb5 $1 19. Nxb5 Bxc6 20. Nc3 (20. Na7 $14 {keeps the upper hand.} Ba8 21. Qc2) 20... d4 $17 (20... axb4 21. Nxd5 Re8 22. Nxb4 (22. axb4 Bf8 $18) 22... Bxb4 23. axb4 $16) 21. Ne2 axb4 {[%emt 0:01:28] White is weak on the light squares} 22. axb4 Bxb4 {[%emt 0:00:45] This pair of bishops is nice.} 23. Ba3 {[%emt 0:05:54] [#]} Qg5 {[%emt 0:03:49] Black has more active pieces.} 24. Ng3 $11 Bxa3 25. Rxa3 Bd5 $36 {[%emt 0:07:26][%mdl 2048] Black fights for an advantage.} 26. f4 exf4 $17 {[%emt 0:01:40] White is on the road to losing.} 27. Qc1 (27. Qd2 $17) 27... Bxg2 $1 $19 28. Rxf4 (28. Kxg2 $17 Qd5+ 29. Kg1 fxg3 30. Rxg3) 28... Bb7 29. Ra7 Rc8 30. Qf1 Qd5 {[%emt 0:00:14][%cal Oc8c1] [#] aiming for ...Rc1!} 31. Rf5 Qb3 (31... Ne5 32. Rxe5 (32. Rxb7 Qxb7 33. Rxe5 Rd8 $11) 32... Qxe5 33. Rxb7 $14) 32. Rb5 $2 (32. Qb5 Qe3+ 33. Rf2) 32... Qe3+ 33. Qf2 Rc1+ 34. Nf1 Bc6 35. Rb4 Qg5+ ({And not} 35... Qe4 36. Rb8+ (36. Rxd4 $2 Qh1#) (36. Rxd4 $2 Qh1#)) 36. Qg3 Qc5 37. Rb8+ Nxb8 38. Qxb8+ Qf8 39. Qf4 (39. Qxf8+ $142 Kxf8 40. Kf2) 39... Rc2 40. Nd2 Qe8 41. Kf2 {[%emt 0:01:23] Against Qe1+} h6 42. Qxd4 Qb8 (42... Rc1 $142 43. Ne4 Qe6 (43... Bxe4 $2 44. Qd7 $19) (43... Qxe4 $2 44. Qxe4 Bxe4 45. Ke3 $19) 44. Ra4 Qf5+ 45. Ke3 Bxe4 (45... Re1+ $2 46. Kd2 $19) 46. Qxe4 Qh3+ (46... Re1+ $2 47. Kd3 $19) 47. Ke2 Qxh2+ 48. Kd3 Qg3+ (48... Qc2+ {leads to mate.} 49. Ke3 Qb3+ 50. Qd3 Re1+ 51. Kf2 Qxd3 52. Kxe1 Qe3+ 53. Kf1 Qc1+ 54. Kf2 Qc2+ 55. Ke3 Qxa4 56. Kd3 f5 57. Kc3 Qe4 58. Kb3 f4 59. Kc3 f3 60. Kd2 f2 61. Kc3 f1=Q 62. Kb3 Qec4+ 63. Kb2 Qfc1#) 49. Qe3 Rd1+ (49... Rc3+ $2 50. Kxc3 Qxe3+ 51. Kc2 $19) 50. Kc2 Qxe3 51. Ra8+ Kh7 52. Kxd1 Qf3+ 53. Ke1 Qxa8 54. Kd2 Qf3 55. Kc2 g5 56. Kb2 g4 57. Kc2 g3 58. Kb2 g2 59. Kc2 g1=Q (59... g1=B 60. Kd2 Bd4 61. Kc2 Qc3+ 62. Kd1 Qb2 63. Ke1 Qc2 64. Kf1 Qf2#) 60. Kb2 Qh2+ 61. Kc1 Qfh1#) 43. Ke3 Rc1 {[%emt 0:00:40] ( -> ...Qe8+)} ({Stronger than} 43... Qxh2 44. Qd8+ Kh7 45. Qd3+ Kh8 46. Qd8+ Kh7 47. Qd3+ Kh8 48. Qd8+ Kh7 $11) 44. Kd3 Bb5+ {[%emt 0:00:20] Black mates.} 45. Ke3 Qxh2 46. Nf3 Qe2+ 47. Kf4 Rc4 48. Ra8+ Kh7 49. Kg3 Rxd4 50. Ng5+ hxg5 51. Rh8+ Kxh8 52. Kh3 Qf3+ 53. Kh2 Rh4+ 54. Kg1 Qf1# {[%emt 0:00:01] Weighted Error Value: White=1.23/Black=0.68.  Mistake:       	White=7     	Black=3      Inaccurate:     	---       	Black=1      OK:         	White=9     	Black=15     Best:        	White=3     	Black=3      Strong:       	White=1     	Black=2} 0-1

[Event "53rd Indian Junior Open-ch 2024"]
[Site "Karnal"]
[Date "2024.09.18"]
[Round "3.7"]
[White "Nirvan Bhamidi"]
[Black "Mukund Hemant Agarwal"]
[Result "1/2-1/2"]
[ECO "B57"]
[WhiteElo "1916"]
[BlackElo "2073"]
[Annotator "TA"]
[PlyCount "101"]
[EventDate "2024.09.16"]
[EventType "swiss"]
[EventCountry "IND"]
[SourceTitle "playchess.com"]
[Source "ChessBase"]
[SourceQuality "1"]
[TimeControl "5400+30"]

1. e4 c5 2. Nf3 d6 3. d4 cxd4 4. Nxd4 Nf6 5. Nc3 Nc6 6. Bc4 Qb6 7. Nb3 e6 8. Bf4 Ne5 9. Be2 Bd7 10. Qd2 Be7 11. O-O-O O-O 12. Be3 {[%emt 0:01:13] White is slightly better.} Qc7 13. Bg5 Rfd8 14. Bxf6 gxf6 15. f4 $1 Nc4 16. Qd3 (16. Qe1 $16) 16... Rac8 17. Qh3 b5 18. Rd3 {[%emt 0:07:59] Qh6 would kill now.} Kh8 $1 19. Bh5 (19. Qh5 $14 {stays ahead.} Rg8 20. a3 (20. Qxf7 Rg7 $17)) 19... Rg8 $2 (19... Rf8 $17 20. Bg4 Rfd8) 20. Bxf7 $16 e5 21. f5 Rg7 22. Nd5 Qd8 23. Bh5 (23. Be6 $18) 23... Bc6 $14 24. Rhd1 Bxd5 25. Rxd5 Qb6 26. R5d3 {[%emt 0:07:29] Wards off Ne3} (26. Re1 $1 $11) 26... Qf2 (26... d5 $1 $17 {White must now prevent ...Qa6.} 27. exd5 (27. Rxd5 Ne3 $17) 27... e4) 27. Qf3 (27. Nd2 {keeps more tension.} Rxg2 28. Bf7 Rxh2 29. Qf1) 27... Rxg2 (27... Qxg2 {feels hotter.} 28. Nd2 Qxh2 29. Bg6 Qf4) 28. Qxf2 Rxf2 29. Bf7 Bf8 {[%emt 0:04:01] Strongly threatening ...Rc7.} 30. Kb1 {[%emt 0:03:38] [#]} Nxb2 $2 31. Kxb2 $2 ({White must play} 31. Rg1 $1 $18 Bg7 32. Kxb2 Rcxc2+ 33. Ka3 Rxa2+ 34. Kb4) 31... Rcxc2+ $17 32. Kb1 {[%emt 0:01:05] Rg1 would now be deadly.} Rb2+ 33. Ka1 {[%emt 0:00:03] Nd2 is the strong threat.} Rxa2+ 34. Kb1 {[%emt 0:00:04] [#] aiming for Nd2.} Rfb2+ (34... Rxh2 $2 35. Nd2 Rhxd2 36. R3xd2 (36. R1xd2 Rxd2 37. Rxd2 Bh6 $18) 36... Rxd2 37. Rxd2 $18) (34... Bh6 $1 $17 35. Nd2 (35. Rxd6 $2 Rfb2#) 35... Raxd2) 35. Kc1 $11 Rc2+ 36. Kb1 Rcb2+ (36... Rxh2 $2 37. Nd2 Raxd2 38. R3xd2 (38. R1xd2 Rh1+ 39. Ka2 h5 $18) 38... Rxd2 39. Rxd2 $18) 37. Kc1 Bh6+ 38. Nd2 Rc2+ (38... Rxd2 $2 39. R1xd2 (39. R3xd2 Rxd2 40. Rxd2 Kg7 $18) 39... Rxd2 40. Rxd2 $18) 39. Kb1 Rcb2+ 40. Kc1 Rc2+ (40... Rxd2 $2 41. R1xd2 (41. R3xd2 Ra4 $18) 41... Rxd2 42. Rxd2 $18) 41. Kb1 Rab2+ 42. Ka1 {[%emt 0:00:03][%cal Od3g3] Hoping for Rg3!} Rxd2 (42... Bxd2 $6 43. Rg1 Bg5 44. h4 $18) 43. Rg1 Bg5 44. Rxd2 (44. h4 $5) 44... Rxd2 $14 {[%emt 0:00:02][%mdl 4096] Endgame. KRB-KRB. The position is equal.} 45. h4 Kg7 (45... Bxh4 46. Rg8#) 46. Bd5 h6 47. hxg5 ({Not} 47. Kb1 $2 Rh2 (47... Rxd5 $2 48. exd5 Kf7 49. hxg5 $18) 48. hxg5 hxg5 $19) 47... hxg5 48. Rb1 Kh6 49. Rh1+ $1 Kg7 50. Rc1 {[%emt 0:02:12] Repels Rc2. Threatens to win with Rc7+.} Kh6 {[%emt 0:00:25] And now ...g4 would win.} 51. Rh1+ {[%emt 0:22:59] White used his chance.   Weighted Error Value: White=0.38/Black=0.26 (precise) .  Loses game:     	---       	Black=1      Missed win:     	White=1     	---        Mistake:       	White=4     	Black=3      Inaccurate:     	White=3     	Black=1      OK:         	White=12    	Black=15     Best:        	White=5     	Black=3      Strong:       	White=2     	Black=1} 1/2-1/2

[Event "53rd Indian Junior Open-ch 2024"]
[Site "Karnal"]
[Date "2024.09.18"]
[Round "3.8"]
[White "Madhvendra Pratap Sharma"]
[Black "Arshpreet Singh"]
[Result "1-0"]
[ECO "D00"]
[WhiteElo "2061"]
[BlackElo "1905"]
[Annotator "RC"]
[PlyCount "133"]
[EventDate "2024.09.16"]
[EventType "swiss"]
[EventCountry "IND"]
[SourceTitle "playchess.com"]
[Source "ChessBase"]
[SourceQuality "1"]
[TimeControl "5400+30"]

1. d4 Nf6 2. Nc3 d5 3. Bf4 c5 4. e3 a6 5. dxc5 Nc6 6. Nf3 e6 7. Na4 Bxc5 8. Nxc5 Qa5+ 9. c3 Qxc5 10. Bd3 O-O 11. O-O Re8 12. Ne5 Nxe5 13. Bxe5 Qe7 14. Qf3 Nd7 15. Bg3 Nc5 16. Bc2 b5 17. b4 Ne4 18. Bxe4 dxe4 19. Qxe4 Bb7 20. Qd4 e5 21. Qg4 Bd5 22. Rfd1 Qb7 23. Rd2 f6 24. e4 Be6 25. Qe2 Rac8 26. Qe3 Rc4 27. f3 Rec8 28. Rd3 Qc7 29. Be1 Rc6 30. Qd2 a5 31. a3 Ra6 32. Rd1 axb4 33. axb4 Ra2 34. Qe3 Qa7 35. Qxa7 Rxa7 36. Bf2 Ra2 37. Bc5 Rca8 38. Rd6 Kf7 39. Rc6 Rc2 40. Rc7+ Kg6 41. Ba7 Rc8 42. Re7 Rc6 43. Ra1 Ra2 44. Rxa2 Bxa2 45. Bc5 Bc4 46. Rd7 Rc8 47. h4 h6 48. Kf2 Ra8 49. g4 Kh7 50. Kg3 Kg8 51. g5 hxg5 52. hxg5 Bf7 53. Be7 Ra6 54. Rb7 Ra3 55. gxf6 Rxc3 56. Rb8+ Kh7 57. fxg7 Kxg7 58. Bd6 Rb3 59. Bxe5+ Kh7 60. Kg4 Rb1 61. Rxb5 Rg1+ 62. Kf4 Rf1 63. Rb7 Kg8 64. Rb8+ Kh7 65. Kg5 Rg1+ 66. Kf5 Bg6+ 67. Ke6 1-0

[Event "53rd Indian Junior Open-ch 2024"]
[Site "Karnal"]
[Date "2024.09.18"]
[Round "3.9"]
[White "Gokula Vishnu R"]
[Black "Hari Ganesh T"]
[Result "1/2-1/2"]
[ECO "C54"]
[WhiteElo "1908"]
[BlackElo "2029"]
[Annotator "TA"]
[PlyCount "87"]
[EventDate "2024.09.16"]
[EventType "swiss"]
[EventCountry "IND"]
[SourceTitle "playchess.com"]
[Source "ChessBase"]
[SourceQuality "1"]
[TimeControl "5400+30"]

1. e4 e5 2. Nf3 Nc6 3. Bc4 Nf6 4. d3 Bc5 5. O-O d6 6. h3 h6 7. c3 a6 8. Be3 O-O 9. d4 Ba7 {[%emt 0:00:30] The position is equal.} 10. dxe5 Nxe5 11. Nxe5 dxe5 12. Bxa7 Rxa7 13. Qf3 Qe7 14. Rd1 Be6 15. Nd2 Rd8 {[%emt 0:00:30][%cal Od8d2] White must now prevent ...Rxd2!} 16. Bxe6 Qxe6 {[%emt 0:00:30] [#]} 17. Nc4 $1 Raa8 (17... Rxd1+ 18. Rxd1 Ra8 (18... Qxc4 19. Rd8+) 19. b3 $14) 18. Ne3 Rxd1+ 19. Rxd1 Qxa2 20. Nf5 Qxb2 {[%emt 0:00:30] ...Qc2 is the strong threat.} 21. Qg3 $1 Ne8 22. Nxh6+ Kf8 23. Nf5 {[%emt 0:00:30][%cal Og3h4] Hoping for Qh4!} Qc2 24. Qg4 g6 (24... Qxc3 $2 25. Qh4 Kg8 26. Ne7+ Kf8 27. Nd5 $18) 25. Ne3 Qxc3 26. Qg5 Qc6 {[%emt 0:00:30] Repels Rd7} 27. Qxe5 Qf6 28. Qc5+ (28. Qd5 {simplifies} Qb6 29. Ng4 Nf6 30. Nxf6 Qxf6 31. Qxb7 Re8 32. Rc1) 28... Kg7 29. Ng4 Qb2 {[%emt 0:00:30][%mdl 8192] [#]} (29... Qc6 $1 $11 {and Black has nothing to worry.} 30. Qe7 Nf6 31. Nxf6 Qxf6 32. Qxc7 b5) 30. Rd7 $2 (30. e5 $1 $18 ) 30... Nf6 $11 (30... Qb1+ $2 31. Kh2 Qa1 32. Qc4 $18) 31. Nxf6 {[%emt 0:00:30] White threatens Ng4 and mate.} (31. Rxc7 Qb1+ (31... Nxe4 $2 32. Qd5 $18) 32. Kh2 Nxg4+ (32... Nxe4 33. Qe5+ Kg8 34. Nh6+ Kh7 35. Rxf7+ Kxh6 36. Qg7+ Kg5 37. f4+ Kh5 38. Qh7#) 33. hxg4 Qxe4) 31... Qa1+ 32. Kh2 Qxf6 {[%emt 0:00:30][%mdl 4096] Endgame. KQR-KQR} 33. e5 $132 {[%emt 0:00:30][%mdl 2048] White is not holding back} Qf4+ 34. g3 Qf5 35. Rxc7 Rd8 {[%emt 0:00:30] Inhibits Qd4.} 36. Qe3 {[%emt 0:00:30][%cal Oe5e6] Prevents Rd2.} (36. Rxb7 Rd2 37. Rb8 (37. Kg1 $2 Rd1+ 38. Kh2 Qf3 $19) 37... Rxf2+ (37... Qxf2+ 38. Qxf2 Rxf2+ 39. Kg1 $11) 38. Kg1 Rf1+ 39. Kh2 Kh7 $19) (36. e6 {simplifies} Qxc5 37. Rxc5 Rb8 38. Rc7) 36... Rd7 37. Rc8 Re7 (37... Rd2 $1 $15 38. Qxd2 Qxc8) 38. Rb8 Rc7 39. Qd4 {[%emt 0:00:30] Strongly threatening e6+.} Qd7 40. Qb2 {[%emt 0:00:30] Threatening mate with e6+.} Qb5 41. Qa1 {[%emt 0:00:30] e6+ would now be deadly.} Qe2 42. Qd4 {[%emt 0:00:30] And now Kg2 would win.} Rc4 43. Qb6 Qxe5 44. Qd8 {[%emt 0:00:30] Weighted Error Value: White=0.16 (very precise) /Black=0.17 (very precise) .  Loses game:     	---       	Black=1      Missed win:     	White=1     	---        Mistake:       	---       	Black=1      Inaccurate:     	White=3     	Black=3      OK:         	White=20    	Black=17     Best:        	White=3     	Black=3} 1/2-1/2